 Dungeon Crawl Stone Soup version 0.16.2-12-gd0ad4c3 (webtiles) character file.

124 SlimeFever the Stinger (level 5, -2/43 HPs)
             Began as a Naga Venom Mage on Oct 2, 2015.
             Hit by a stone thrown by a gnoll (5 damage)
             ... on level 2 of the Dungeon.
             The game lasted 00:19:12 (1403 turns).

SlimeFever the Stinger (Naga Venom Mage)            Turns: 1403, Time: 00:19:13

Health: -2/43      AC:  3    Str:  8 (11) XL:     5   Next: 8%
Magic:  0/9        EV: 10    Int: 16      God:
Gold:   23         SH:  0    Dex: 11      Spells: 2 memorised, 4 levels left

rFire  . . .     SeeInvis +     k - +0 spear (venom)
rCold  . . .     Clarity  +     a - +0 robe
rNeg   . . .     SustAb   .     (no shield)
rPois  +         Gourm    .     (no helmet)
rElec  .         Spirit   .     m - +0 cloak
rCorr  .         Warding  .     (no gloves)
rMut   .         Stasis   .     (no barding)
MR     .....                    n - amulet of clarity
Stlth  ++........               (no ring)
                                (no ring)

@: very slow, not resistant to hostile enchantments, unstealthy
A: spit poison, see invisible, deformed body, poison resistance, slowness 2, AC
+1
a: Spit Poison


You were on level 2 of the Dungeon.
You were near starving.

You visited 1 branch of the dungeon, and saw 2 of its levels.

You collected 23 gold pieces.

Inventory:

Hand weapons
 d - a +0 club
 j - a +0 hunting sling
 k - a +0 spear of venom (weapon)
Missiles
 e - 21 arrows
 l - 26 poisoned needles
Armour
 a - a +0 robe (worn)
 m - a +0 cloak (worn)
Jewellery
 n - an amulet of clarity (around neck)
Scrolls
 f - a scroll of teleportation {unknown}
 g - a scroll of identify
Books
 b - a Young Poisoner's Handbook

   Spells                             Type                      Level
   a - Sting                          Conjuration/Poison           1
   b - Cure Poison                    Poison                       2
   c - Mephitic Cloud                 Conjuration/Poison/Air       3
   d - Olgreb's Toxic Radiance        Poison                       4
   e - Venom Bolt                     Conjuration/Poison           5
Comestibles
 c - 2 bread rations
 h - 3 fruits


   Skills:
 + Level 0.4 Fighting
 - Level 0.2 Maces & Flails
 * Level 2.3 Dodging
 * Level 3.3 Stealth
 + Level 2.2 Spellcasting
 + Level 1.5 Conjurations
 * Level 6.8 Poison Magic


You had 4 spell levels left.
You knew the following spells:

 Your Spells              Type           Power        Failure   Level  Hunger
a - Sting                 Conj/Pois      ###.         4%          1    #......
b - Mephitic Cloud        Conj/Pois/Air  ##......     21%         3    ###....


Dungeon Overview and Level Annotations

Branches:
Dungeon (2/15)

Altars:
Fedhas


Innate Abilities, Weirdness & Mutations

You cannot wear boots.
You can spit poison.
Your serpentine skin is tough (AC +1).
You have supernaturally acute eyesight.
Armour fits poorly on your strangely shaped body.
Your system is resistant to poisons.
You cover ground very slowly.


Message History

You kill the worm!
The gnoll throws a stone.
The stone misses you.
You see here a stone.
Casting: Sting
Confirm with . or Enter, or press ? or * to list all spells.
Aiming: Sting
Press: ? - help, Shift-Dir - straight line, f - goblin
Aim: a goblin The sting hits the goblin.
The goblin is moderately wounded.
The gnoll throws a stone.
The stone hits you but does no damage.
You hit the goblin.
You kill the goblin!
The gnoll throws a stone.
The stone hits you.
* * * LOW HITPOINT WARNING * * *
The gnoll throws a stone.
The stone hits you.
* * * LOW HITPOINT WARNING * * *
The gnoll throws a stone.
The stone barely misses you.
The gnoll throws a stone.
The stone hits you.
You die...

#.P♣♣P♣.._..PP##.###
#P♣♣.........♣##.#<#####
#.....♣#...#g♣##.#......
##P.♣P♣......P..#........
#..P♣P....#..P♣♣.........
#.♣P♣♣♣(.....♣§♣♣§.......
##♣♣♣♣..♣...P♣♣§P........
♣..P.†..P♣..PP§.#†#####
#♣♣♣P...@♣♣.PP.♣♣.#.#
#.....P♣♣.....♣♣#.#.#
#.PP♣♣♣♣..P♣.♣♣♣#.#.#
#..♣♣.P..P.♣♣P..#.#.#
##.♣♣PP.♣.♣♣♣.P##.#.#
##[P..P..♣♣P.P##.#.#
#.♣♣.♣♣.....###.#.#
###♣♣P##♣.#.....#.#
P##..........#


You could see a gnoll.

Vanquished Creatures
  4 adders (D:2)
  A gnoll (D:2)
  3 river rats (D:2)
  A giant mite (D:2)
  A worm (D:2)
  A giant gecko (D:2)
  A giant cockroach (D:1)
  4 hobgoblins
  4 jackals (D:1)
  4 bats
  10 goblins
  A kobold (D:1)
  3 rats
  A plant (D:2)
39 creatures vanquished.

Vanquished Creatures (others)
  A plant (D:2)
1 creature vanquished.

Grand Total: 40 creatures vanquished

Notes
Turn   | Place    | Note
--------------------------------------------------------------
     0 | D:1      | SlimeFever, the Naga Venom Mage, began the quest for the Orb.
     0 | D:1      | Reached XP level 1. HP: 15/15 MP: 3/3
   144 | D:1      | Reached XP level 2. HP: 20/22 MP: 0/4
   288 | D:1      | Reached skill level 6 in Poison Magic
   648 | D:2      | Reached XP level 3. HP: 28/28 MP: 4/6
   653 | D:2      | Learned a level 3 spell: Mephitic Cloud
   895 | D:2      | Reached XP level 4. HP: 10/36 MP: 4/7
  1249 | D:2      | Found a blossoming altar of Fedhas.
  1287 | D:2      | Reached skill level 1 in Conjurations
  1368 | D:2      | Reached XP level 5. HP: 3/42 MP: 0/9
  1403 | D:2      | Hit by a stone thrown by a gnoll

Action                   |  1- 3 |  4- 6 || total
-------------------------+-------+-------++-------
Melee: Club              |    33 |     4 ||    37
       Spear             |       |    72 ||    72
 Cast: Sting             |    39 |    21 ||    60
       Mephitic Cloud    |       |     1 ||     1
 Abil: Spit Poison       |     4 |     1 ||     5
  Use: Scroll            |     2 |       ||     2
       Potion            |       |     1 ||     1
  Eat: Beef jerky        |       |     1 ||     1
